 Dungeon Crawl Stone Soup version 0.22-a0-419-g492bfec (webtiles) character file.

101614 PegasusDuck the Thaumaturge (level 15, -3/117 HPs)
             Began as a Gnoll Wanderer on May 15, 2018.
             Was the Champion of Jiyva.
             Slain by a guardian serpent (22 damage)
             ... on level 3 of the Snake Pit on May 16, 2018.
             The game lasted 01:43:10 (35271 turns).

PegasusDuck the Thaumaturge (Gnoll Wanderer)       Turns: 35271, Time: 01:43:11

Health: -3/117     AC: 11    Str: 15    XL:     15   Next: 94%
Magic:  6/32       EV: 17    Int: 26    God:    Jiyva [******]
Gold:   1427       SH: 13    Dex: 13    Spells: 5/40 levels left

rFire    + + +     SeeInvis +   a - +2 demon trident (drain)
rCold    + + .     Gourm    .   w - +2 shield of Resistance {rF+ rC+ MR+}
rNeg     . . .     Faith    .   D - +0 robe of the Doldrums {+Blink rPois rF+ Int+4} (curse)
rPois    +         Spirit   .   (no helmet)
rElec    .         Reflect  .   Q - scarf {rC+ rF+}
rCorr    +         Harm     .   n - +2 pair of gloves
MR       ++...                  m - +2 pair of boots {Fly}
Stlth    +++++.....             (no amulet)
HPRegen  0.29/turn              k - ring of see invisible
MPRegen  0.23/turn              G - ring of poison resistance

@: lethally poisoned (-3 -> -8), flying, studying Fighting
A: distributed training, claws 1, fangs 1, iridescent scales 1, fire resistance
1, acidic bite, translucent skin 1, evolution 1, jelly absorbing missiles,
strong nose
}: 1/15 runes: slimy
a: Request Jelly, Slimify, Cure Bad Mutation, Renounce Religion, Evoke Blink,
Stop Flying


You were on level 3 of the Snake Pit.
You worshipped Jiyva.
Jiyva was exalted by your worship.
You were completely stuffed.

You visited 6 branches of the dungeon, and saw 33 of its levels.

You collected 1819 gold pieces.
You spent 392 gold pieces at shops.

Inventory:

Hand Weapons
 a - a +2 demon trident of draining (weapon)
 c - a +4 rapier of flaming
Missiles
 j - 128 stones (quivered)
Armour
 m - a +2 pair of boots of flying (worn)
 n - a +2 pair of gloves (worn)
 r - a +2 helmet
 w - the +2 shield of Resistance (worn) {rF+ rC+ MR+}
   (You found it on level 5 of the Pits of Slime)

   It protects you from fire.
   It protects you from cold.
   It affects your resistance to hostile enchantments.
 D - the cursed +0 robe of the Doldrums (worn) {+Blink rPois rF+ Int+4}
   (You found it on level 5 of the Pits of Slime)

   It affects your intelligence (+4).
   It protects you from fire.
   It protects you from poison.
   It lets you blink.
   It has a curse placed upon it.
 Q - a scarf of resistance (worn)
Magical Staves
 b - an uncursed staff of power
 A - an uncursed staff of earth
Jewellery
 k - a ring of see invisible (left hand)
 q - a +3 ring of intelligence
 x - the ring "Burenoer" {+Fly rPois Str+5 Dex-5}
   (You found it on level 5 of the Pits of Slime)

   [ring of flight]

   It affects your strength (+5).
   It affects your dexterity (-5).
   It protects you from poison.
   It lets you fly.
 G - a ring of poison resistance (right hand)
Wands
 p - a wand of clouds (5)
 y - a wand of flame (122)
 K - a wand of digging (11)
 M - a wand of polymorph (33)
Scrolls
 h - 4 scrolls of immolation
 v - 6 scrolls of remove curse
 z - 2 scrolls of holy word
 B - 4 scrolls of magic mapping
 F - 2 scrolls of teleportation
 I - a scroll of vulnerability
 J - a scroll of fog
 N - a scroll of amnesia
Potions
 d - a potion of might {unknown}
 e - 2 potions of flight
 g - 2 potions of agility
 i - a potion of lignification
 l - 3 potions of curing
 o - 3 potions of berserk rage
 u - a potion of cancellation {unknown}
 C - a potion of haste
 E - a potion of mutation {unknown}
 H - a potion of invisibility {unknown}
 L - a potion of resistance
Books
 R - a manual of Fighting
Miscellaneous
 S - a phial of floods
Comestibles
 f - 20 rations


   Skills:
 + Level 10.9 Fighting
 + Level 10.2 Short Blades
 + Level 10.2 Long Blades
 + Level 10.2 Axes
 + Level 10.2 Maces & Flails
 + Level 10.2 Polearms
 + Level 10.2 Staves
 + Level 10.2 Slings
 + Level 10.2 Bows
 + Level 10.2 Crossbows
 + Level 10.2 Throwing
 + Level 10.2 Armour
 + Level 10.2 Dodging
 + Level 10.2 Stealth
 + Level 10.5 Shields
 + Level 10.2 Unarmed Combat
 + Level 13.3 Spellcasting
 + Level 9.0 Conjurations
 + Level 9.0 Hexes
 + Level 8.6 Charms
 + Level 8.6 Summonings
 + Level 8.6 Necromancy
 + Level 9.0 Translocations
 + Level 8.6 Transmutations
 + Level 8.6 Fire Magic
 + Level 8.6 Ice Magic
 + Level 8.6 Air Magic
 + Level 8.6 Earth Magic
 + Level 9.0 Poison Magic
 + Level 11.1 Invocations
 + Level 10.5 Evocations


You had 5 spell levels left.
You knew the following spells:

 Your Spells              Type           Power        Failure   Level  Hunger
a - Magic Dart            Conj           ####         1%          1    None
b - Sandblast             Erth           ######       1%          1    None
c - Stone Arrow           Conj/Erth      ######       1%          3    None
d - Mephitic Cloud        Conj/Pois/Air  ######..     1%          3    None
e - Blink                 Tloc           N/A          1%          2    None
f - Conjure Flame         Conj/Fire      ######..     1%          3    None
g - Summon Forest         Summ/Tloc      ######....   4%          5    ##.....
h - Aura of Abjuration    Summ           ######....   4%          5    ##.....
i - Throw Icicle          Conj/Ice       ######..     1%          4    None
j - Ozocubu's Armour      Chrm/Ice       ######..     1%          3    None
k - Summon Demon          Summ           ######....   4%          5    ##.....

Your spell library contained the following spells:

 Spells                   Type           Power        Failure   Level  Hunger
 Slow                     Hex            ######..     1%          2    None
 Throw Frost              Conj/Ice       ######       1%          2    None
 Freezing Cloud           Conj/Ice/Air   ######....   24%         6    #####..
 Ring of Flames           Chrm/Fire      ######....   80%         7    ######.
 Animate Dead             Necr           N/A          1%          4    None
 Pain                     Necr           ####         1%          1    None
 Animate Skeleton         Necr           N/A          1%          1    None
 Vampiric Draining        Necr           ######....   1%          3    None
 Freeze                   Ice            ####         1%          1    None
 Summon Ice Beast         Ice/Summ       ######..     1%          4    None
 Call Imp                 Summ           ######..     1%          2    None
 Regeneration             Chrm/Necr      ######....   1%          3    None
 Recall                   Summ/Tloc      N/A          1%          3    None
 Spider Form              Tmut/Pois      ######....   1%          3    None
 Blade Hands              Tmut           ######....   4%          5    ##.....
 Ice Form                 Ice/Tmut       ######..     1%          4    None
 Shadow Creatures         Summ           N/A          24%         6    #####..
 Sticks to Snakes         Tmut           ######..     1%          2    None
 Tornado                  Air            ######....   100%        9    #######
 Beastly Appendage        Tmut           ######       1%          1    None
 Summon Mana Viper        Hex/Summ       ######..     4%          5    ##.....
 Poisonous Vapours        Pois/Air       ######       1%          2    None


Dungeon Overview and Level Annotations

Branches:
Dungeon (15/15)            Temple (0/1) D:5            Lair (6/6) D:11
 Shoals (2/4) Lair:2        Snake (3/4) Lair:4        Slime (5/5) Lair:5
    Orc (2/2) D:10            Elf (0/3) Orc:2        Vaults (0/5) D:13
 Depths (0/5) D:15

Altars:
Okawaru
Uskayaw
Zin
Jiyva

Shops:
D:5 =   D:14 }   Snake:2 [*[[

Portals:
Trove: D:14 (give 18 scrolls of teleportation)

Annotations:
D:4 exclusion: black bear, Grinder, Pikel
D:7 4 runed doors
D:10 exclusion: 2 doors
Shoals:1 Frances
Slime:4 Dissolution
Slime:5 Royal Jelly
Orc:2 Rupert


Innate Abilities, Weirdness & Mutations

Your experience applies equally to all skills.
You have very sharp teeth.
Your uncanny sense of smell can sniff out nearby items.
You have sharp fingernails.
You are partially covered in iridescent scales. (AC +2)
Your flesh is heat resistant. (rF+)
You have acidic saliva.
Your translucent skin slightly reduces your foes' accuracy. (Stealth)
You evolve.
You have a small jelly attached to you that may absorb incoming projectiles.


Message History

The naga warrior burns your dryad.
The naga warrior barely misses your rust devil.
Your snaplasher vine loses its grip on the guardian serpent.
The vine drags the guardian serpent backwards!
Your snaplasher vine barely misses the guardian serpent. x2
The naga barely misses you. The naga constricts you.
You escape the naga's grasp.
You feel sick.
Your rust devil barely misses the naga warrior.
Your dryad barely misses the naga warrior.
Your snaplasher vine completely misses the naga warrior. x2
Unknown command.
You hit the guardian serpent.
The guardian serpent is severely wounded.
Space becomes stable.
You feel sick.
Your dryad disappears in a puff of smoke!
The vines fall limply to the ground.
Your rust devil looks more healthy.
The guardian serpent hits you!!
You die...

♣#..#♣### #)......##
#........######
#...........#.#
##..5.....)...#
#.....3.).....# ###
##.....5.......#
#.##♣....(34SN.....#
#..........^@N.)...#
#..................#
#.......#...####...#
#......###..# ##..#
#......###..# ..#
#.......####♣ ..#
#.......†## #.
####......##
##......###


You could see a naga warrior, a guardian serpent, a naga, a friendly soul eater,
a friendly rust devil, a friendly ynoxinul and 2 friendly ufetubi.

Vanquished Creatures
  2 nagarajas
  Nessos (Lair:6)
  Snorg (D:14)
  A merfolk impaler (Shoals:1)
  2 naga warriors (Snake:2)
  4 hydras
  5 centaur warriors
  An alligator snapping turtle (Shoals:1)
  A catoblepas (Lair:3)
  A dancing weapon (D:13)
  5 two-headed ogres
  2 anacondas
  A tengu warrior (D:13)
  2 death yaks
  4 shock serpents
  4 naga sharpshooters
  2 skeletal warriors (D:13)
  A salamander mystic (Snake:3)
  An unseen horror (D:10)
  2 naga ritualists
  4 sea snakes (Shoals:1)
  2 harpies (Shoals:1)
  4 ugly things
  3 mana vipers
  An orc knight (Orc:2)
  2 cyclopes (D:12)
  4 salamanders
  A centaur zombie (D:10)
  5 naga magi
  2 merfolk sirens (Lair:2)
  A guardian serpent (Snake:1)
  9 spiny frogs
  14 black mambas
  A torpor snail (Lair:4)
  4 komodo dragons
  6 rime drakes
  A tengu conjurer (D:13)
  An efreet (D:15)
  4 meliai (D:13)
  4 trolls
  5 polar bears (Lair:6)
  3 merfolk
  A wolf spider simulacrum (D:15)
  3 hornets (Lair:6)
  11 hippogriffs
  13 blink frogs
  A shadow (D:13)
  14 spriggans
  2 water elementals
  2 wyverns
  3 basilisks
  35 yaks
  3 hungry ghosts
  A steam dragon (D:13)
  3 wargs
  14 nagas
  2 hell hounds (D:11)
  10 water moccasins
  4 porcupines
  9 black bears
  A phantom (D:5)
  12 orc warriors
  3 sky beasts
  3 boggarts (Lair:6)
  5 ogres
  8 centaurs
  18 wolves
  13 crocodiles
  4 big kobolds
  14 bullfrogs
  A wyvern skeleton (D:15)
  3 scorpions
  2 water moccasin skeletons
  6 killer bees (D:11)
  5 wights
  An electric eel (D:10)
  10 crimson imps
  A bullfrog zombie (D:13)
  A quasit (D:10)
  3 jellies
  3 bullfrog skeletons
  2 hounds
  15 orc wizards
  5 orc priests
  4 centaur skeletons
  4 iguanas
  8 worker ants
  2 killer bee zombies
  A hound zombie (D:9)
  Robin (D:4)
  4 gnolls (D:9)
  10 adders
  4 shadow imps
  A white imp (D:10)
  An adder zombie (D:9)
  2 worms
  A dart slug (D:1)
  9 leopard geckos
  44 orcs
  8 giant cockroaches
  12 goblins
  10 hobgoblins
  6 jackals (D:2)
  5 quokkas
  A ball python (D:2)
  6 bats
  3 frilled lizards
  25 kobolds
  A leopard gecko skeleton (D:9)
  8 rats
  A snaplasher vine (Shoals:1)
576 creatures vanquished.

Vanquished Creatures (collateral kills)
  A nagaraja (Snake:2)
  A fire dragon (D:15)
  A naga warrior (Snake:3)
  A rakshasa (D:13)
  A merfolk aquamancer (Shoals:1)
  2 anacondas
  2 two-headed ogres
  2 tengu warriors (D:15)
  2 naga sharpshooters (Snake:1)
  A salamander mystic (Snake:3)
  3 skeletal warriors (D:13)
  An orc knight (Orc:1)
  A mana viper (Snake:1)
  A necromancer (D:15)
  2 ugly things (D:14)
  3 salamanders
  2 merfolk sirens (Shoals:1)
  5 black mambas
  4 naga magi
  2 gargoyles
  2 merfolk (Shoals:1)
  A troll (Orc:1)
  A meliai (D:13)
  A hippogriff (Shoals:1)
  A warg (Orc:1)
  3 nagas
  2 orc warriors
  An ogre (Orc:1)
  4 centaurs (D:12)
  A wight (D:14)
  An orc wizard (D:14)
  3 orc priests
  An iguana (D:14)
  9 orcs
  8 plants (Shoals:1)
77 creatures vanquished.

Vanquished Creatures (others)
  3 acid blobs
  4 great orbs of eyes
  A naga warrior (Snake:2)
  A dancing weapon (D:13)
  A tengu warrior (D:13)
  2 shining eyes (Slime:5)
  3 ugly things (D:14)
  A centaur zombie (D:13)
  A black mamba (Snake:1)
  2 naga magi (D:15)
  A spiny frog (Lair:5)
  4 rime drakes (Lair:5)
  A meliai (D:13)
  A tengu conjurer (D:13)
  32 slime creatures
  2 dream sheep (Lair:6)
  2 hippogriffs (D:12)
  A spriggan (Lair:6)
  A centaur simulacrum (D:15)
  4 yaks (D:12)
  A vampire (D:15)
  5 golden eyes
  2 vampire mosquitoes (D:12)
  6 nagas
  A floating eye (Slime:5)
  2 sky beasts
  A black bear (Lair:6)
  A boggart (Lair:6)
  A wolf (Lair:6)
  A wyvern skeleton (D:12)
  132 jellies
  2 howler monkeys (D:13)
  A bullfrog skeleton (D:13)
  2 orc wizards
  A worker ant (D:12)
  An ooze (Lair:6)
  6 orcs
  17 fungi
  12 plants
  7 snaplasher vines
270 creatures vanquished.

Grand Total: 923 creatures vanquished

Notes
Turn   | Place    | Note
-------+----------+-------------------------------------------
     0 | D:1      | Reached skill level 9 in Spellcasting
     0 | D:1      | PegasusDuck the Gnoll Wanderer began the quest for the Orb.
     0 | D:1      | PegasusDuck set off with: a scroll of teleportation, a +0 robe, a +0 club, a ration
     0 | D:1      | Reached XP level 1. HP: 13/13 MP: 10/10
     2 | D:1      | Learned a level 1 spell: Magic Dart
     4 | D:1      | Learned a level 1 spell: Sandblast
   210 | D:1      | Reached XP level 2. HP: 8/19 MP: 1/12
   969 | D:1      | Reached XP level 3. HP: 25/25 MP: 10/13
  1316 | D:2      | Found a faded altar of an unknown god.
  1340 | D:2      | Reached skill level 1 in Invocations
  1497 | D:2      | Reached skill level 1 in Fighting
  1497 | D:2      | Reached skill level 1 in Short Blades
  1497 | D:2      | Reached skill level 1 in Long Blades
  1497 | D:2      | Reached skill level 1 in Axes
  1497 | D:2      | Reached skill level 1 in Maces & Flails
  1497 | D:2      | Reached skill level 1 in Polearms
  1497 | D:2      | Reached skill level 1 in Staves
  1497 | D:2      | Reached skill level 1 in Slings
  1497 | D:2      | Reached skill level 1 in Bows
  1497 | D:2      | Reached skill level 1 in Crossbows
  1497 | D:2      | Reached skill level 1 in Throwing
  1497 | D:2      | Reached skill level 1 in Armour
  1497 | D:2      | Reached skill level 1 in Dodging
  1497 | D:2      | Reached skill level 1 in Stealth
  1497 | D:2      | Reached skill level 1 in Unarmed Combat
  1497 | D:2      | Reached XP level 4. HP: 18/32 MP: 8/15
  1699 | D:2      | Found an iron altar of Okawaru.
  2360 | D:3      | Reached skill level 1 in Charms
  2360 | D:3      | Reached skill level 1 in Summonings
  2360 | D:3      | Reached skill level 1 in Necromancy
  2360 | D:3      | Reached skill level 1 in Transmutations
  2360 | D:3      | Reached skill level 1 in Fire Magic
  2360 | D:3      | Reached skill level 1 in Ice Magic
  2360 | D:3      | Reached skill level 1 in Air Magic
  2360 | D:3      | Reached skill level 1 in Earth Magic
  2728 | D:3      | Reached XP level 5. HP: 37/37 MP: 13/16
  2866 | D:4      | Noticed Robin
  2878 | D:4      | Killed Robin
  2899 | D:4      | Noticed Grinder
  2902 | D:4      | Paralysed by Grinder for 7 turns
  2912 | D:4      | Noticed Pikel
  2912 | D:4      | Noticed a slave
  2912 | D:4      | Noticed a slave
  2913 | D:4      | Noticed a slave
  2913 | D:4      | Noticed a slave
  2938 | D:4      | Noticed a black bear
  3474 | D:5      | Entered Level 5 of the Dungeon
  3527 | D:5      | Reached XP level 6. HP: 31/44 MP: 15/18
  3665 | D:5      | Learned a level 3 spell: Stone Arrow
  3669 | D:5      | Learned a level 3 spell: Mephitic Cloud
  3725 | D:5      | Noticed a phantom
  3741 | D:5      | Killed a phantom
  3862 | D:5      | Found a staircase to the Ecumenical Temple.
  3921 | D:5      | Reached XP level 7. HP: 50/50 MP: 13/20
  4219 | D:5      | Found a hide-covered altar of Uskayaw.
  4380 | D:5      | Found Ciopeala's Jewellery Shoppe.
  4654 | D:5      | You fall through a shaft!
  4741 | D:7      | Reached XP level 8. HP: 57/57 MP: 7/21
  4879 | D:7      | Noticed a polar bear
  4880 | D:7      | Found a huge runed gate.
  5030 | D:7      | Found a huge runed gate.
  5030 | D:7      | Noticed a polar bear
  5164 | D:7      | Found a huge runed gate.
  5165 | D:7      | Noticed a manticore
  5165 | D:7      | Noticed a manticore
  5166 | D:7      | Noticed a polar bear
  5166 | D:7      | Noticed a yak
  5166 | D:7      | Noticed a yak
  5166 | D:7      | Noticed a yak
  5185 | D:7      | You fall through a shaft for 3 floors!
  5185 | D:10     | Entered Level 10 of the Dungeon
  5589 | D:10     | Reached skill level 10 in Spellcasting
  5661 | D:10     | Learned a level 2 spell: Blink
  5739 | D:10     | Reached XP level 9. HP: 65/65 MP: 15/23
  5891 | D:10     | Noticed a two-headed ogre
  5904 | D:10     | Killed a two-headed ogre
  6048 | D:10     | Reached skill level 5 in Shields
  6048 | D:10     | Reached skill level 5 in Evocations
  6864 | D:8      | Reached skill level 5 in Invocations
  7323 | D:8      | Found a glowing silver altar of Zin.
  8302 | D:7      | Found a huge runed gate.
  8629 | D:9      | Reached XP level 10. HP: 61/73 MP: 20/24
  8898 | D:9      | Noticed a two-headed ogre
  8911 | D:9      | Killed a two-headed ogre
  8911 | D:9      | Reached skill level 5 in Fighting
  8911 | D:9      | Reached skill level 5 in Short Blades
  8911 | D:9      | Reached skill level 5 in Long Blades
  8911 | D:9      | Reached skill level 5 in Axes
  8911 | D:9      | Reached skill level 5 in Maces & Flails
  8911 | D:9      | Reached skill level 5 in Polearms
  8911 | D:9      | Reached skill level 5 in Staves
  8911 | D:9      | Reached skill level 5 in Slings
  8911 | D:9      | Reached skill level 5 in Bows
  8911 | D:9      | Reached skill level 5 in Crossbows
  8911 | D:9      | Reached skill level 5 in Throwing
  8911 | D:9      | Reached skill level 5 in Armour
  8911 | D:9      | Reached skill level 5 in Dodging
  8911 | D:9      | Reached skill level 5 in Stealth
  8911 | D:9      | Reached skill level 5 in Unarmed Combat
  9224 | D:9      | Noticed a two-headed ogre
  9230 | D:9      | Learned a level 3 spell: Conjure Flame
  9234 | D:9      | Killed a two-headed ogre
  9597 | D:10     | Reached skill level 5 in Conjurations
  9597 | D:10     | Reached skill level 5 in Hexes
  9597 | D:10     | Reached skill level 5 in Translocations
  9597 | D:10     | Reached skill level 5 in Poison Magic
  9771 | D:10     | Noticed an unseen horror
  9778 | D:10     | Killed an unseen horror
 10276 | D:10     | Reached XP level 11. HP: 78/81 MP: 8/25
 10316 | D:10     | Found a staircase to the Orcish Mines.
 10999 | D:11     | Noticed a seven-headed hydra
 11019 | D:11     | Killed a seven-headed hydra
 11019 | D:11     | Reached skill level 5 in Charms
 11019 | D:11     | Reached skill level 5 in Summonings
 11019 | D:11     | Reached skill level 5 in Necromancy
 11019 | D:11     | Reached skill level 5 in Transmutations
 11019 | D:11     | Reached skill level 5 in Fire Magic
 11019 | D:11     | Reached skill level 5 in Ice Magic
 11019 | D:11     | Reached skill level 5 in Air Magic
 11019 | D:11     | Reached skill level 5 in Earth Magic
 11090 | D:11     | Reached skill level 11 in Spellcasting
 11162 | D:11     | Found a staircase to the Lair.
 11377 | Lair:1   | Entered Level 1 of the Lair of Beasts
 11765 | Lair:1   | Noticed an eight-headed hydra
 11989 | Lair:1   | Killed an eight-headed hydra
 13020 | Lair:2   | Found the +9 sword of Zonguldrok {reap}
 13272 | Lair:2   | Reached XP level 12. HP: 88/89 MP: 17/27
 14686 | Lair:2   | Found a staircase to the Shoals.
 15238 | Lair:3   | Noticed a catoblepas
 15444 | Lair:3   | Killed a catoblepas
 15677 | Lair:3   | Noticed a four-headed hydra
 16136 | Lair:3   | Killed a four-headed hydra
 16876 | Lair:4   | Noticed a death yak
 16877 | Lair:4   | Noticed a death yak
 16933 | Lair:3   | Killed a death yak
 17650 | Lair:4   | Killed a death yak
 17650 | Lair:4   | Reached XP level 13. HP: 98/98 MP: 4/28
 17906 | Lair:4   | Found a staircase to the Snake Pit.
 18403 | Lair:5   | Found a viscous altar of Jiyva.
 18404 | Lair:5   | Found a staircase to the Slime Pits.
 18465 | Lair:5   | Became a worshipper of Jiyva Juetiopt the Shapeless
 18747 | Lair:5   | Reached * piety under Jiyva
 18748 | Slime:1  | Entered Level 1 of the Pits of Slime
 18800 | Slime:2  | Noticed an acid blob
 18803 | Slime:2  | Noticed an azure jelly
 18811 | Slime:3  | Noticed an acid blob
 18816 | Slime:4  | Noticed Dissolution
 18830 | Slime:5  | Entered Level 5 of the Pits of Slime
 18830 | Slime:5  | Noticed an acid blob
 18832 | Slime:5  | Noticed a death ooze
 18837 | Slime:5  | Noticed a great orb of eyes
 18841 | Slime:5  | Noticed an acid blob
 18844 | Slime:5  | Noticed an azure jelly
 18846 | Slime:5  | Noticed an azure jelly
 18846 | Slime:5  | Killed a great orb of eyes
 18852 | Slime:5  | Found a viscous altar of Jiyva.
 18852 | Slime:5  | Noticed a great orb of eyes
 18852 | Slime:5  | Noticed the Royal Jelly
 18852 | Slime:5  | Noticed a great orb of eyes
 18852 | Slime:5  | Noticed an acid blob
 18852 | Slime:5  | Killed a great orb of eyes
 18853 | Slime:5  | Noticed a great orb of eyes
 18854 | Slime:5  | Noticed an acid blob
 18854 | Slime:5  | Noticed an acid blob
 18855 | Slime:5  | Found the +2 shield of Resistance {rF+ rC+ MR+}
 18869 | Slime:5  | Killed a great orb of eyes
 18880 | Slime:5  | Noticed an acid blob
 18898 | Slime:4  | Noticed an acid blob
 18898 | Slime:4  | Noticed a great orb of eyes
 19712 | Lair:6   | Entered Level 6 of the Lair of Beasts
 19920 | Lair:6   | Noticed Nessos
 19936 | Lair:6   | Reached skill level 12 in Spellcasting
 20071 | Lair:6   | Killed Nessos
 20140 | Lair:6   | Reached ** piety under Jiyva
 21109 | Lair:6   | Reached *** piety under Jiyva
 21478 | Lair:6   | Gained mutation: Armour fits poorly on your pseudopods. [Jiyva's grace]
 21942 | Lair:6   | Reached **** piety under Jiyva
 21942 | Lair:6   | Gained mutation: You have a pair of small antennae on your head. [Jiyva's grace]
 22684 | Lair:6   | Gained mutation: Potions are less effective at restoring your health. [Jiyva's grace]
 22712 | Lair:6   | Reached XP level 14. HP: 94/106 MP: 21/30
 23253 | Lair:6   | Reached ***** piety under Jiyva
 23445 | D:10     | Gained mutation: You have a small jelly attached to you that senses nearby items. [Jiyva's grace]
 23464 | Orc:1    | Entered Level 1 of the Orcish Mines
 23470 | D:10     | Gained mutation: You are partially covered in rugged brown scales. (AC +1, +3% HP) [Jiyva's grace]
 23477 | D:10     | Learned a level 5 spell: Summon Forest
 23817 | Orc:2    | Entered Level 2 of the Orcish Mines
 23960 | Orc:2    | Lost mutation: You are partially covered in rugged brown scales. (AC +1, +3% HP) [Jiyva's grace]
 23962 | Orc:2    | Reached ****** piety under Jiyva
 23981 | Orc:2    | Gained mutation: Your magical capacity is low. (-10% MP) [Jiyva's grace]
 24019 | Orc:2    | Found a staircase to the Elven Halls.
 24081 | Orc:2    | Noticed Rupert
 24189 | D:10     | Gained mutation: You are partially covered in yellow scales. (AC +2) [Jiyva's grace]
 24593 | D:12     | Lost mutation: Potions are less effective at restoring your health. [Jiyva's grace]
 25003 | D:12     | Lost mutation: Your magical capacity is low. (-10% MP) [Jiyva's grace]
 25512 | D:13     | Gained mutation: You have sharp fingernails. [Jiyva's grace]
 25556 | D:13     | Got a shadowed robe
 25630 | D:13     | Gained mutation: You evolve. [Jiyva's grace]
 25650 | D:13     | Lost mutation: You have a small jelly attached to you that senses nearby items. [Jiyva's grace]
 25762 | D:13     | Identified the cursed +0 robe "Xacet" {+Fly Int+4 Stlth+} (You found it on level 13 of the Dungeon)
 26050 | D:13     | Gained mutation: You have acidic saliva. [Jiyva's grace]
 26390 | D:13     | Found a gate to the Vaults.
 26686 | D:13     | Gained mutation: You are occasionally teleported next to monsters. [Jiyva's grace]
 26747 | D:14     | Learned a level 5 spell: Aura of Abjuration
 26793 | D:14     | Found a portal to a secret trove of treasure.
 26837 | D:14     | Reached skill level 10 in Invocations
 26944 | D:14     | Noticed Snorg
 26951 | D:14     | Killed Snorg
 27022 | D:14     | Gained mutation: Your muscles are strong. (Str +2) [Jiyva's grace]
 27421 | D:14     | Found Fiyses's Gadget Shop.
 27427 | D:14     | Noticed an azure jelly
 27427 | D:14     | a red ugly thing changed into an azure jelly
 27895 | D:14     | Lost mutation: You are occasionally teleported next to monsters. [evolution]
 28014 | D:15     | Entered Level 15 of the Dungeon
 28020 | D:15     | Lost mutation: Your muscles are strong. (Str +2) [Jiyva's grace]
 28152 | D:15     | Gained mutation: You have a small jelly attached to you that may absorb incoming projectiles. [Jiyva's grace]
 29056 | D:15     | Found a staircase to the Depths.
 29110 | D:15     | Gained mutation: You are partially covered in iridescent scales. (AC +2) [Jiyva's grace]
 29612 | Slime:4  | Killed an acid blob
 29626 | Slime:5  | Killed an acid blob
 29629 | Slime:5  | Gained mutation: You are frail. (-10% HP) [Jiyva's grace]
 29645 | Slime:5  | Got a twitching wooden ring
 29650 | Slime:5  | Gained mutation: You are partially covered in icy blue scales. (AC +2) [Jiyva's grace]
 29655 | Slime:5  | Got a slimy rune of Zot
 29657 | Slime:5  | Got a transparent robe
 29679 | Slime:5  | Killed an acid blob
 29683 | Slime:5  | Gained mutation: Your translucent skin slightly reduces your foes' accuracy. (Stealth) [Jiyva's grace]
 29685 | Slime:5  | Identified The Arcane Secrets of Wizardry
 29699 | Slime:5  | Identified the cursed +0 robe of the Doldrums {+Blink rPois rF+ Int+4} (You found it on level 5 of the Pits of Slime)
 29837 | Slime:5  | Noticed an acid blob
 29879 | Slime:4  | Noticed an azure jelly
 30000 | Shoals:1 | Entered Level 1 of the Shoals
 30013 | Shoals:1 | Reached XP level 15. HP: 94/102 MP: 18/31
 30369 | Shoals:1 | Identified the ring "Burenoer" {+Fly rPois Str+5 Dex-5} (You found it on level 5 of the Pits of Slime)
 30381 | Shoals:1 | Reached skill level 10 in Shields
 30381 | Shoals:1 | Reached skill level 10 in Evocations
 30408 | Shoals:1 | Noticed Frances
 30764 | Snake:1  | Entered Level 1 of the Snake Pit
 30787 | Snake:1  | Reached skill level 10 in Fighting
 30787 | Snake:1  | Reached skill level 13 in Spellcasting
 30806 | Lair:4   | Lost mutation: Armour fits poorly on your pseudopods. [Jiyva's grace]
 31281 | Snake:1  | Gained mutation: Your flesh is heat resistant. (rF+) [Jiyva's grace]
 31289 | Snake:1  | Learned a level 4 spell: Throw Icicle
 31558 | Snake:1  | Lost mutation: You have a small jelly attached to you that may absorb incoming projectiles. [Jiyva's grace]
 31607 | Snake:1  | Gained mutation: You occasionally shout uncontrollably at your foes. [evolution]
 32140 | Snake:1  | Learned a level 3 spell: Ozocubu's Armour
 32184 | Snake:1  | Noticed Aizul
 32613 | Snake:1  | Lost mutation: You occasionally shout uncontrollably at your foes. [Jiyva's power]
 32614 | Snake:1  | Lost mutation: You are frail. (-10% HP) [Jiyva's power]
 32635 | Snake:1  | Learned a level 5 spell: Summon Demon
 32682 | Snake:1  | Slimified Aizul
 32682 | Snake:1  | Noticed Aizul
 32682 | Snake:1  | Aizul changed into Aizul the acid blob
 32860 | Snake:2  | Noticed a nagaraja
 32867 | Snake:2  | Killed a nagaraja
 32869 | Snake:2  | Found Mezuzuf's Antique Armour Shoppe.
 32870 | Snake:2  | Noticed a nagaraja
 33327 | Snake:2  | Bought a pair of ichor-stained gloves for 190 gold pieces
 33337 | Snake:2  | Identified the +0 pair of gloves "Pihiera" {rPois MR+ Dex-5} (You bought it in a shop on level 2 of the Snake Pit)
 33363 | Snake:2  | Reached skill level 10 in Short Blades
 33363 | Snake:2  | Reached skill level 10 in Long Blades
 33363 | Snake:2  | Reached skill level 10 in Axes
 33363 | Snake:2  | Reached skill level 10 in Maces & Flails
 33363 | Snake:2  | Reached skill level 10 in Polearms
 33363 | Snake:2  | Reached skill level 10 in Staves
 33363 | Snake:2  | Reached skill level 10 in Slings
 33363 | Snake:2  | Reached skill level 10 in Bows
 33363 | Snake:2  | Reached skill level 10 in Crossbows
 33363 | Snake:2  | Reached skill level 10 in Throwing
 33363 | Snake:2  | Reached skill level 10 in Armour
 33363 | Snake:2  | Reached skill level 10 in Dodging
 33363 | Snake:2  | Reached skill level 10 in Stealth
 33363 | Snake:2  | Reached skill level 10 in Unarmed Combat
 33791 | Snake:2  | Gained mutation: You have a small jelly attached to you that may absorb incoming projectiles. [Jiyva's grace]
 33885 | Snake:1  | Killed a nagaraja
 34194 | Snake:2  | Lost mutation: You have a pair of small antennae on your head. [Jiyva's grace]
 34389 | Snake:2  | Lost mutation: You are partially covered in icy blue scales. (AC +2) [Jiyva's grace]
 34450 | Snake:2  | Found Qucheuc's General Store.
 34723 | Snake:2  | Noticed a nagaraja
 34732 | Snake:2  | Killed a nagaraja
 34835 | Snake:2  | Found Uraod's Antique Armour Shop.
 34839 | Snake:2  | Bought a pair of runed boots for 202 gold pieces
 34850 | Snake:2  | Found Ablox's Armour Boutique.
 35011 | Snake:3  | Lost mutation: You are partially covered in yellow scales. (AC +2) [Jiyva's grace]
 35271 | Snake:3  | Slain by a guardian serpent

Vault maps used:
D:1:      sevenhm_arrival_forest_fort_small_4, eino_curves_03
D:2:      chequers_ecumenical_altar_simple, first_ration, okawaru_trees_2
D:3:      kennysheep_another_room
D:4:      elyvilon_altar_1, lemuel_crystal_altar, uniq_eustachio, uniq_pikel,
          uniq_robin, uniq_grinder, uniq_crazy_yiuf_cottage
D:5:      lemuel_crystal_altar, minmay_temple_entry_poolview, serial_shops, shop
D:6:      trog_ov_bears_minmay, kennysheep_little_box,
          eino_small_chamber_without_monster
D:7:      lemuel_bear_cage
D:8:      lemuel_coloured_pillars_altar, kennysheep_generic_room_8
D:10:     erik_orc_2, the_bakery, serial_park_tiny_2, hangedman_minor_magic
D:11:     minmay_lair_entry_lava
D:13:     erik_vaults_1
D:14:     serial_shops, nicolae_shop_behind_doors, enter_trove_6,
          roderic_lattice_a, uniq_snorg
D:15:     grunt_enter_depths_magical_seal, minivault_24, minmay_crystal_water
Lair:1:   grunt_megastairs_2, infiniplex_staircase_pool
Lair:2:   elwin_shoals_entry_rooms, beast_lair_carwin_5
Lair:4:   minmay_snake_entry_guardpost_medium, grunt_megastairs_4
Lair:5:   dpeg_slime_entry_enclosed_altar, minmay_lair_drake_nest
Lair:6:   minmay_lair_end_enchanted_forest, st_stairs_5, uniq_nessos
Shoals:1: nicolae_shoals_flooded_hall, uniq_frances, uniq_louise
Shoals:2: serial_shops, nicolae_shop_crystal, shop, nicolae_shoals_mertower
Snake:1:  uniq_aizul
Snake:2:  serial_shops, shop, nicolae_shop_competitors_out_of_business,
          minmay_shoptagon
Slime:4:  dissolution_awaits
Orc:1:    serial_shops
Orc:2:    grunt_orc_cross, basic_altar, nicolae_orc_rich_vein, uniq_rupert

Skill      XL: |  1  2  3  4  5  6  7  8  9 10 11 12 13 14 15 |
---------------+----------------------------------------------+-----
Spellcasting   | 10 11 12 13 | 13.3
Conjurations   | 2 3 4 5 6 7 8 9 |  9.0
Hexes          | 2 3 4 5 6 7 8 9 |  9.0
Translocations | 2 3 4 5 6 7 8 9 |  9.0
Poison Magic   | 2 3 4 5 6 7 8 9 |  9.0
Invocations    | 1 2 3 4 5 6 7 8 9 10 11 | 11.1
Fighting       | 1 2 3 4 5 6 7 8 9 10 | 10.9
Short Blades   | 1 2 3 4 5 6 7 8 9 10 | 10.2
Long Blades    | 1 2 3 4 5 6 7 8 9 10 | 10.2
Axes           | 1 2 3 4 5 6 7 8 9 10 | 10.2
Maces & Flails | 1 2 3 4 5 6 7 8 9 10 | 10.2
Polearms       | 1 2 3 4 5 6 7 8 9 10 | 10.2
Staves         | 1 2 3 4 5 6 7 8 9 10 | 10.2
Slings         | 1 2 3 4 5 6 7 8 9 10 | 10.2
Bows           | 1 2 3 4 5 6 7 8 9 10 | 10.2
Crossbows      | 1 2 3 4 5 6 7 8 9 10 | 10.2
Throwing       | 1 2 3 4 5 6 7 8 9 10 | 10.2
Armour         | 1 2 3 4 5 6 7 8 9 10 | 10.2
Dodging        | 1 2 3 4 5 6 7 8 9 10 | 10.2
Stealth        | 1 2 3 4 5 6 7 8 9 10 | 10.2
Unarmed Combat | 1 2 3 4 5 6 7 8 9 10 | 10.2
Charms         | 1 2 3 4 5 6 7 8 |  8.6
Summonings     | 1 2 3 4 5 6 7 8 |  8.6
Necromancy     | 1 2 3 4 5 6 7 8 |  8.6
Transmutations | 1 2 3 4 5 6 7 8 |  8.6
Fire Magic     | 1 2 3 4 5 6 7 8 |  8.6
Ice Magic      | 1 2 3 4 5 6 7 8 |  8.6
Air Magic      | 1 2 3 4 5 6 7 8 |  8.6
Earth Magic    | 1 2 3 4 5 6 7 8 |  8.6
Shields        | 3 4 5 6 7 8 9 10 | 10.5
Evocations     | 3 4 5 6 7 8 9 10 | 10.5

Action                   |  1- 3 |  4- 6 |  7- 9 | 10-12 | 13-15 || total
-------------------------+-------+-------+-------+-------+-------++-------
Melee: Club              |    34 |     1 |       |       |       ||    35
       Bite              |     2 |     3 |    10 |    17 |    69 ||   101
       Dagger            |       |    44 |    41 |    18 |    11 ||   114
       Punch             |       |       |     3 |     3 |       ||     6
       Whip              |       |       |    41 |   102 |    16 ||   159
       Staff             |       |       |       |    17 |    10 ||    27
       Rapier            |       |       |       |       |   396 ||   396
       Pseudopods        |       |       |       |       |    83 ||    83
       Demon trident     |       |       |       |       |   152 ||   152
Throw: Stone             |       |       |       |       |     2 ||     2
 Cast: Magic Dart        |    63 |    60 |    83 |    13 |    15 ||   234
       Sandblast         |     5 |    50 |    47 |    59 |    53 ||   214
       Stone Arrow       |       |     6 |    42 |   304 |   302 ||   654
       Mephitic Cloud    |       |       |    13 |    10 |    54 ||    77
       Blink             |       |       |       |    21 |    15 ||    36
       Conjure Flame     |       |       |       |     8 |     4 ||    12
       Summon Forest     |       |       |       |       |    45 ||    45
       Throw Icicle      |       |       |       |       |   104 ||   104
       Summon Demon      |       |       |       |       |    22 ||    22
       Ozocubu's Armour  |       |       |       |       |    10 ||    10
       Aura of Abjuratio |       |       |       |       |     2 ||     2
Invok: Slimify           |       |       |       |       |     4 ||     4
       Request Jelly     |       |       |       |       |     3 ||     3
       Cure Bad Mutation |       |       |       |       |     2 ||     2
Evoke: Wand              |       |       |       |    13 |     7 ||    20
       Phial of floods   |       |       |       |       |     2 ||     2
  Use: Scroll            |       |    11 |    11 |     5 |    18 ||    45
       Potion            |       |     1 |       |       |     5 ||     6
 Stab: Sleeping          |     1 |     1 |     1 |     1 |    12 ||    16
       Confused          |       |       |     2 |     5 |    27 ||    34
       Distracted        |       |       |       |       |     4 ||     4
  Eat: Chunk             |     1 |     4 |     8 |    21 |     3 ||    37
       Ration            |       |     1 |     2 |     2 |     2 ||     7
Armor: Robe              |    13 |    22 |    39 |    76 |   154 ||   304
Dodge: Dodged            |    42 |    47 |    86 |   205 |   428 ||   808
Block: Buckler           |       |       |       |     3 |    63 ||    66
       Shield            |       |       |       |       |   373 ||   373

Table legend:
 A = Spawn XP
 B = Non-spawn XP
 C = Spawn XP percentage of total XP
 D = Spawn monster count
 E = Non-spawn monster count
 F = Spawn count percentage of total count
 G = Total turns spent on level
                    A         B        C        D         E        F      G
               +---------+---------+-------+---------+---------+-------+---------
         Total |       0 |  126592 |   0.0 |       0 |     648 |   0.0 | 35271
               +---------+---------+-------+---------+---------+-------+---------
           D:1 |       0 |      35 |   0.0 |       0 |      22 |   0.0 |  1169
           D:2 |       0 |      96 |   0.0 |       0 |      30 |   0.0 |  1181
           D:3 |       0 |      44 |   0.0 |       0 |      10 |   0.0 |   488
           D:4 |       0 |     120 |   0.0 |       0 |      14 |   0.0 |   636
           D:5 |       0 |     798 |   0.0 |       0 |      19 |   0.0 |  1180
           D:7 |       0 |     588 |   0.0 |       0 |      11 |   0.0 |  1153
           D:8 |       0 |     515 |   0.0 |       0 |      13 |   0.0 |  1165
           D:9 |       0 |    2671 |   0.0 |       0 |      26 |   0.0 |  1115
          D:10 |       0 |    4549 |   0.0 |       0 |      51 |   0.0 |  2462
          D:11 |       0 |    4827 |   0.0 |       0 |      54 |   0.0 |  1303
          D:12 |       0 |    3165 |   0.0 |       0 |      19 |   0.0 |   909
          D:13 |       0 |    8582 |   0.0 |       0 |      31 |   0.0 |  1315
          D:14 |       0 |    7014 |   0.0 |       0 |      27 |   0.0 |  1288
          D:15 |       0 |    7328 |   0.0 |       0 |      22 |   0.0 |  1386
        Lair:1 |       0 |    4166 |   0.0 |       0 |      17 |   0.0 |  1614
        Lair:2 |       0 |    5215 |   0.0 |       0 |      27 |   0.0 |  1932
        Lair:3 |       0 |    5921 |   0.0 |       0 |      17 |   0.0 |  2245
        Lair:4 |       0 |    6553 |   0.0 |       0 |      30 |   0.0 |  1655
        Lair:5 |       0 |    3861 |   0.0 |       0 |      17 |   0.0 |  2847
        Lair:6 |       0 |   16427 |   0.0 |       0 |      70 |   0.0 |  2001
      Shoals:1 |       0 |    8755 |   0.0 |       0 |      18 |   0.0 |   670
       Snake:1 |       0 |   12141 |   0.0 |       0 |      29 |   0.0 |  2775
       Snake:2 |       0 |   16226 |   0.0 |       0 |      30 |   0.0 |  1134
       Snake:3 |       0 |    4139 |   0.0 |       0 |      11 |   0.0 |   389
         Orc:1 |       0 |    1714 |   0.0 |       0 |      16 |   0.0 |   356
         Orc:2 |       0 |    1142 |   0.0 |       0 |      17 |   0.0 |   332
               +---------+---------+-------+---------+---------+-------+---------
